 Dungeon Crawl Stone Soup version 0.21.1-1-g345015fe64 (webtiles) character file.

65 Hercules1031 the Ducker (level 3, 0/19 HPs)
             Began as a Spriggan Monk on June 22, 2018.
             Succumbed to an adder's poison
             ... on level 2 of the Dungeon.
             The game lasted 00:06:44 (1832 turns).

Hercules1031 the Ducker (Spriggan Monk)             Turns: 1832, Time: 00:06:45

Health: 0/19       AC:  2    Str:  7      XL:     3   Next: 94%
Magic:  4/4        EV: 20    Int:  9 (11) God:
Gold:   59         SH:  0    Dex: 16 (19) Spells: 2/2 levels left

rFire    . . .     SeeInvis +   a - +0 short sword
rCold    + . .     Gourm    .   (shield restricted)
rNeg     . . .     Faith    .   b - +0 robe
rPois    .         Spirit   .   (helmet restricted)
rElec    .         Reflect  .   (no cloak)
rCorr    .         Harm     .   (gloves unavailable)
MR       .....                  (boots unavailable)
Stlth    +++.......             (no amulet)
HPRegen  0.06/turn              e - ring of protection from cold
MPRegen  0.09/turn              (no ring)

@: lethally poisoned (0 -> -14), hasted, very quick
A: very small, unfitting armour, see invisible, herbivore, speed 3, slow
metabolism 2
a: no special abilities


You were on level 2 of the Dungeon.
You were not hungry.

You visited 1 branch of the dungeon, and saw 4 of its levels.

You collected 59 gold pieces.

Inventory:

Hand Weapons
 a - a +0 short sword (weapon)
Armour
 b - a +0 robe (worn)
Jewellery
 e - a ring of protection from cold (left hand)
Scrolls
 d - a scroll of random uselessness {unknown}
Comestibles
 c - 4 rations


   Skills:
 - Level 2.4 Fighting
 * Level 4.4 Short Blades
 + Level 5.2 Dodging
 + Level 4.1 Stealth


You had 2 spell levels left.
You didn't know any spells.

Dungeon Overview and Level Annotations

Branches:
Dungeon (4/15)
 Temple: D:4-7

Altars:

Annotations:
D:3 JOKERXD40's ghost, amateur HOMo
D:4 Morteh's ghost, novice GrFi


Innate Abilities, Weirdness & Mutations

You are very small and have problems with some larger weapons.
You are too small for most types of armour.
You have supernaturally acute eyesight. (SInv)
You are a herbivore.
You cover ground extremely quickly.
You need consume almost no food.


Message History

You are more poisoned.
The adder poisons you!
You completely miss the adder.
The adder is heavily wounded.
* * * LOW HITPOINT WARNING * * *
You feel sick. The adder barely misses you. The adder bites you.
* * * LOW HITPOINT WARNING * * *
You are more poisoned.
The adder poisons you!
It was a potion of haste.
You feel yourself speed up.
* * * LOW HITPOINT WARNING * * *
You feel sick. The adder completely misses you.
Unknown command.
You closely miss the adder.
The adder is heavily wounded.
The frilled lizard hisses angrily.
The adder misses you.
You closely miss the adder.
The adder is heavily wounded.
You die...

#>...)....+
#.#.###...#
######.#.# ###
#......#.#
#.######.# .. #.#
....#...
#.###.####.### ##
#.#.S........ #.
#..@#......### #†
#...#........######'
#..<.#.......#)#.##.
#...#l#.......#.##..
#.#.##.#.......†....
#.#.###.#..........)
###.# ##.#..........
$.# ##.#.........
#.# ###.#...#..#.


You could see an adder and a frilled lizard.

Vanquished Creatures
  An adder (D:2)
  2 oozes (D:1)
  2 dart slugs (D:1)
  2 leopard geckos (D:1)
  3 bats (D:1)
  4 giant cockroaches
  8 goblins
  4 hobgoblins
  2 frilled lizards (D:1)
  6 kobolds
  6 rats
40 creatures vanquished.

Notes
Turn   | Place    | Note
-------+----------+-------------------------------------------
     0 | D:1      | Hercules1031 the Spriggan Monk began the quest for the Orb.
     0 | D:1      | Reached XP level 1. HP: 11/11 MP: 2/2
   101 | D:1      | Reached XP level 2. HP: 16/16 MP: 3/3
   559 | D:1      | Reached XP level 3. HP: 15/19 MP: 4/4
   751 | D:1      | Reached skill level 5 in Dodging
  1518 | D:2      | You fall through a shaft for 2 floors!
  1536 | D:4      | Noticed Morteh's ghost (novice GrFi)
  1561 | D:3      | Noticed JOKERXD40's ghost (amateur HOMo)
  1832 | D:2      | Succumbed to an adder's poison

Skill      XL: |  1  2  3 |
---------------+----------+-----
Short Blades   | 4 |  4.4
Dodging        | 5 |  5.2
Stealth        | 4 |  4.1
Fighting       | |  2.4

Action                   || total
-------------------------++-------
Melee: Short sword       ||   160
  Use: Scroll            ||     5
       Potion            ||     4
 Stab: Sleeping          ||    12
  Eat: Ration            ||     1
Armor: Robe              ||     5
Dodge: Dodged            ||   129
